AoeStats
← LaisTakara

Black Forest

508893441Analyzed
2v2 RM · 8d ago on Sep 24, 2026· 43m 38s· 4 players
Game mode
Random Map
Map size
Medium (4 player)
Population
200
Speed
Normal
Resources
Standard
Victory
Conquest
Starting age
Dark Age
Ending age
Imperial Age
RankedLock teamsTeams togetherTeam positionsShared explorationLock speedFull tech treeHidden civsTurbo modeCheats
Victory
Defeat
🇮🇳 Bulgarians · India
551
+10
🇵🇹 Cumans · Portugal
451
+14
🇨🇿 Cumans · Czechia
415
-12
🇨🇿 Khmer · Czechia
410
-12
FosterWig
1:07 Loom
20:26 Feudal Age
24:07 Castle Age
26:14 Wheelbarrow
25:23 Horse Collar
25:36 Gold Mining
25:41 Stone Mining
31:32 Double-Bit Axe
36:38 Bow Saw
37:57 Hand Cart
40:27 Imperial Age
41:27 Hand Cart
42:25 Gold Shaft Mining
R1tch_13e
1:05 Loom
15:16 Feudal Age
24:08 Arson
31:42 Castle Age
33:01 Pikeman
33:41 Squires
39:43 Wheelbarrow
38:53 Town Watch
39:34 Double-Bit Axe
39:32 Horse Collar
41:50 Heavy Plow
43:01 Forging
42:42 Fletching
42:53 Padded Archer Armor
42:54 Scale Mail Armor
43:12 Man-at-Arms
LaisTakara
10:15 Loom
16:05 Feudal Age
18:17 Scale Mail Armor
31:50 Castle Age
31:48 Wheelbarrow
30:59 Town Watch
31:17 Double-Bit Axe
31:42 Padded Archer Armor
31:33 Fletching
32:06 Crossbowman
35:35 Forging
35:17 Capped Ram
37:51 Hand Cart
40:40 Thumb Ring
43:01 Leather Archer Armor
42:42 Bodkin Arrow
bmo
10:50 Feudal Age
11:17 Double-Bit Axe
11:23 Horse Collar
23:07 Castle Age
27:19 Forging
27:48 Heavy Plow
27:59 Bow Saw
36:57 Imperial Age
39:53 Scale Barding Armor
40:24 Iron Casting
40:53 Conscription
Connection lost

Rejoining the realm…

Still unreachable

The connection could not be restored.

Session expired

The server has moved on; the page needs a fresh start.